 Dungeon Crawl Stone Soup version 0.29-a0-919-gd064cfad1c (webtiles) character file.

Game seed: 3145393086392570975

147 enile the Ducker (level 5, -1/41 HPs)
             Began as a Gnoll Wanderer on July 27, 2022.
             Was a Follower of the Shining One.
             Slain by an orc wizard
             ... wielding a +0 dagger
              (2 damage)
             ... on level 3 of the Dungeon.
             The game lasted 00:02:08 (3713 turns).

enile the Ducker (Gnoll Wanderer)                   Turns: 3713, Time: 00:02:09

Health: -1/41      AC:  3    Str:  7    XL:     5   Next: 29%
Magic:  1/9        EV: 14    Int: 17    God:    the Shining One [*.....]
Gold:   161        SH:  0    Dex: 12    Spells: 6/10 levels left

rFire   . . .      SeeInvis .   a - +0 dagger
rCold   . . .      Faith    .   (no shield)
rNeg    . . .      Spirit   .   d - +0 robe
rPois   .          Reflect  .   (no helmet)
rElec   .          Harm     .   (no cloak)
rCorr   .          Rampage  .   b - +0 pair of gloves
Will    .....                   (no boots)
Stlth   +.........              (no amulet)
HPRegen 0.13/turn               (no ring)
MPRegen 0.11/turn               (no ring)

@: about to teleport, glowing
A: fangs 1, strong nose, distributed training
a: Renounce Religion, Divine Shield


You were on level 3 of the Dungeon.
You worshipped the Shining One.
The Shining One was aware of your devotion.
You visited 1 branch of the dungeon, and saw 3 of its levels.

You collected 161 gold pieces.

Inventory:

Hand Weapons
 a - a +0 dagger (weapon)
Armour
 b - a +0 pair of gloves (worn)
 d - a +0 robe (worn)
Jewellery
 j - an amulet of reflection
 p - an amulet of regeneration
 q - an amulet of magic regeneration
Wands
 n - a wand of roots (9)
 t - a wand of flame (30)
Scrolls
 h - 2 scrolls of identify {unknown}
 i - a scroll of fear {unknown}
 k - 2 scrolls of immolation {unknown}
 m - a scroll of magic mapping {unknown}
 s - a scroll of butterflies {unknown}
 u - a scroll of brand weapon {unknown}
Potions
 c - a potion of might
 e - a potion of lignification
 f - 4 potions of curing
 l - a potion of degeneration {unknown}
 o - a potion of berserk rage {unknown}
 r - a potion of invisibility {unknown}


   Skills:
 + Level 3.0 Fighting
 + Level 1.5 Short Blades
 + Level 1.5 Long Blades
 + Level 1.5 Axes
 + Level 1.5 Maces & Flails
 + Level 1.5 Polearms
 + Level 1.5 Staves
 + Level 1.5 Ranged Weapons
 + Level 3.0 Throwing
 + Level 1.5 Armour
 + Level 6.7 Dodging
 + Level 2.8 Stealth
 + Level 1.5 Shields
 + Level 1.5 Unarmed Combat
 + Level 3.2 Spellcasting
 + Level 5.5 Conjurations
 + Level 1.2 Hexes
 + Level 1.2 Summonings
 + Level 1.2 Necromancy
 + Level 1.2 Translocations
 + Level 1.2 Transmutations
 + Level 1.2 Fire Magic
 + Level 1.2 Ice Magic
 + Level 1.2 Air Magic
 + Level 1.2 Earth Magic
 + Level 1.2 Poison Magic
 + Level 1.7 Invocations
 + Level 1.5 Evocations


You had 6 spell levels left.
You knew the following spells:

 Your Spells              Type           Power      Damage    Failure   Level
a - Magic Dart            Conj           84%        1d7       1%          1
b - Tukima's Dance        Hex            6%         N/A       30%         3

Your spell library contained the following spells:

 Spells                   Type           Power      Damage    Failure   Level
 Shock                    Conj/Air       56%        1d6       4%          1
 Gell's Gravitas          Tloc           6%         N/A       30%         3
 Lesser Beckoning         Tloc           6%         N/A       30%         3
 Teleport Other           Tloc           6%         N/A       30%         3
 Sticky Flame             Conj/Fire      14%        2d4       38%         4
 Passage of Golubria      Tloc           6%         N/A       71%         4
 Yara's Violent Unravell  Hex/Tmut       3%         3d4       96%         5


Dungeon Overview and Level Annotations

Branches:
Dungeon (3/15)

Altars:
The Shining One

Annotations:
D:2 Crazy Yiuf


Innate Abilities, Weirdness & Mutations

You have very sharp teeth.
Your uncanny sense of smell can sniff out nearby items.
Your experience applies equally to all skills.


Message History

Aim: an orc priest, wielding a +0 flail (chance to affect: 39%)
The +0 flail dances into the air!
An orc priest comes into view. It is wielding a +0 falchion.
Casting: Tukima's Dance (quite dangerous; 30% risk of failure)
Confirm with . or Enter, or press ? or * to list all spells.
You don't have enough magic to cast this spell.
Casting: Tukima's Dance (quite dangerous; 30% risk of failure)
Confirm with . or Enter, or press ? or * to list all spells.
You don't have enough magic to cast this spell.
Casting: Tukima's Dance (quite dangerous; 30% risk of failure)
Confirm with . or Enter, or press ? or * to list all spells.
You don't have enough magic to cast this spell.
You hit the orc wizard.
The orc wizard is lightly wounded.
You hit the orc wizard but do no damage.
The orc wizard is lightly wounded.
The orc priest begins to cast a cantrip, but forgets the words!
The orc wizard hits you with a +0 dagger.
You hear a shout! x2
You hit the orc wizard.
You bite the orc wizard, but do no damage.
The orc wizard is moderately wounded.
The orc wizard casts a spell at you. You resist with some effort.
An orc comes into view. It is wielding a +0 club.
Your magical contamination has completely faded away.
You hit the orc wizard but do no damage.
The orc wizard is moderately wounded.
The orc priest mumbles some strange prayers to Beogh against you.
Beogh smites you!
The orc wizard hits you with a +0 dagger.
Okay, then.
Okay, then.
As you read the scroll of teleportation, it crumbles to dust.
You feel strangely unstable.
The orc priest calls down the wrath of Beogh upon you.
Beogh smites you!
* * * LOW HITPOINT WARNING * * *
The orc wizard hits you with a +0 dagger.
You die...

..........##.#.#
..........##.#.# #
#.........##.#.# #.
#∆...........# ..
#.##+#......###.#########
... #.....o###..#
#.#........
....#....oo#.#..#
#.#.#######
..#....##o##.## #.#.#
.......#.#@...# #.#.#
####..##.##....# #.#.#
#.....#.#......# #.#.#
####.##......# #.#.#
#(..#...###### #.#.#######
#...#...###### #..........
#
#...#........#####.#######
#.####.##........ #.# #
#.....#)#...##.### #.# #


You could see 2 orc priests, an orc wizard and an orc.

Vanquished Creatures
  Natasha (thrice) (D:2)
  2 adders (D:2)
  A worm (D:2)
  A dart slug (D:2)
  4 endoplasms
  4 hobgoblins
  6 jackals
  5 ball pythons
  7 bats
  A frilled lizard (D:1)
  8 goblins
  7 kobolds
  2 rats (D:1)
51 creatures vanquished.

Vanquished Creatures (others)
  A dancing weapon (D:3)
1 creature vanquished.

Grand Total: 52 creatures vanquished

Notes
Turn   | Place    | Note
-------+----------+-------------------------------------------
     0 | D:1      | enile the Gnoll Wanderer began the quest for the Orb.
     0 | D:1      | enile set off with the following items: a +0 dagger, a +0
                  | pair of gloves, a potion of might, a +0 robe, a potion of
                  | lignification; and the following spells available to
                  | memorise: Magic Dart, Shock, Sticky Flame.
     0 | D:1      | Reached XP level 1. HP: 17/17 MP: 4/4
   389 | D:1      | Learned a level 1 spell: Magic Dart
   429 | D:1      | Reached XP level 2. HP: 23/23 MP: 3/5
  1625 | D:2      | Reached XP level 3. HP: 28/28 MP: 1/7
  1696 | D:2      | Reached skill level 1 in Invocations
  1904 | D:2      | Reached skill level 1 in Short Blades
  1904 | D:2      | Reached skill level 1 in Long Blades
  1904 | D:2      | Reached skill level 1 in Axes
  1904 | D:2      | Reached skill level 1 in Maces & Flails
  1904 | D:2      | Reached skill level 1 in Polearms
  1904 | D:2      | Reached skill level 1 in Staves
  1904 | D:2      | Reached skill level 1 in Ranged Weapons
  1904 | D:2      | Reached skill level 1 in Armour
  1904 | D:2      | Reached skill level 1 in Shields
  1904 | D:2      | Reached skill level 1 in Unarmed Combat
  1904 | D:2      | Reached skill level 1 in Evocations
  1931 | D:2      | Found a faded altar of an unknown god.
  2008 | D:2      | Noticed Natasha
  2017 | D:2      | Killed Natasha
  2018 | D:2      | Reached XP level 4. HP: 20/34 MP: 1/8
  2032 | D:2      | Prayed at the altar of an unknown god.
  2032 | D:2      | Became a worshipper of the Shining One
  2032 | D:2      | Reached * piety under the Shining One
  2212 | D:2      | Reached skill level 1 in Hexes
  2212 | D:2      | Reached skill level 1 in Summonings
  2212 | D:2      | Reached skill level 1 in Necromancy
  2212 | D:2      | Reached skill level 1 in Translocations
  2212 | D:2      | Reached skill level 1 in Transmutations
  2212 | D:2      | Reached skill level 1 in Fire Magic
  2212 | D:2      | Reached skill level 1 in Ice Magic
  2212 | D:2      | Reached skill level 1 in Air Magic
  2212 | D:2      | Reached skill level 1 in Earth Magic
  2212 | D:2      | Reached skill level 1 in Poison Magic
  2635 | D:2      | Found a runed translucent door.
  2636 | D:2      | Noticed Crazy Yiuf
  3048 | D:2      | Noticed Natasha
  3053 | D:2      | Killed Natasha
  3054 | D:2      | Reached XP level 5. HP: 40/40 MP: 3/9
  3113 | D:2      | Noticed Natasha
  3130 | D:2      | Killed Natasha
  3532 | D:3      | Learned a level 3 spell: Tukima's Dance
  3713 | D:3      | HP: 1/41 [orc priest/divine providence (14)]
  3713 | D:3      | Slain by an orc wizard

Illustrated notes

Levels and vault maps discovered:
D:1:      lemuel_arrival_cross, layout_basic
D:2:      layout_loops_corners, dreamdust_ecumenical_altar_angels_and_demons,
          skrybe_limestone_x, uniq_crazy_yiuf_cottage, uniq_natasha
D:3:      layout_basic, serial_shops, shop, minmay_misc_feat_five, minmay_vboxes

Skill      XL: |  1  2  3  4  5 |
---------------+----------------+-----
Invocations    | 1 |  1.7
Short Blades   | 1 |  1.5
Long Blades    | 1 |  1.5
Axes           | 1 |  1.5
Maces & Flails | 1 |  1.5
Polearms       | 1 |  1.5
Staves         | 1 |  1.5
Ranged Weapons | 1 |  1.5
Armour         | 1 |  1.5
Shields        | 1 |  1.5
Unarmed Combat | 1 |  1.5
Evocations     | 1 |  1.5
Spellcasting   | 3 |  3.2
Hexes          | 1 |  1.2
Summonings     | 1 |  1.2
Necromancy     | 1 |  1.2
Translocations | 1 |  1.2
Transmutations | 1 |  1.2
Fire Magic     | 1 |  1.2
Ice Magic      | 1 |  1.2
Air Magic      | 1 |  1.2
Earth Magic    | 1 |  1.2
Poison Magic   | 1 |  1.2
Fighting       | 3 |  3.0
Throwing       | 3 |  3.0
Dodging        | |  6.7
Stealth        | |  2.8
Conjurations   | |  5.5

Action                   |  1- 3 |  4- 6 || total
-------------------------+-------+-------++-------
Melee: Dagger            |    38 |    85 ||   123
       Bite              |     2 |     6 ||     8
 Cast: Magic Dart        |    57 |    20 ||    77
       Tukima's Dance    |       |     2 ||     2
  Use: Scroll            |       |     2 ||     2
 Stab: Sleeping          |     1 |       ||     1
Armor: Robe              |    13 |    27 ||    40
Dodge: Dodged            |    35 |    73 ||   108

Table legend: (Time is in decaauts)
 A = Elapsed time spent in this place.
 B = Non-inter-level travel time spent in this place.
 C = Inter-level travel time spent in this place.
 D = Time resting spent in this place.
 E = Time spent auto-exploring this place.
 F = Levels seen in this place.
 G = Mean time per level.
                   A        B        C        D        E       F      G
               +--------+--------+--------+--------+--------+-----+--------+
         Total |   3717 |   3699 |     18 |      0 |   3327 |   3 | 1239.0 |
       Dungeon |   3717 |   3699 |     18 |      0 |   3327 |   3 | 1239.0 |
               +--------+--------+--------+--------+--------+-----+--------+

Top non-repeatable levels by time:
     D:2: 1890 daAuts
     D:1: 1535 daAuts
     D:3: 291 daAuts
